Cogmind - Beta 13 @@@ ROGUE MODE // 2024.05.22 @ 11:41:24 Player: KADW Result: Destroyed by G-67 Veteran with Field Laser Performance ------------- Evolutions (7) 3500 Regions Visited (27) 5400 Robots Destroyed (117) 585 Value Destroyed (4941) 4941 Prototype IDs (48) 960 Alien Tech Used (2) 400 Bonus (3983) 3983 TOTAL SCORE: 19769 Bonus ------- High Alert Combat Kills 191 Follower Combat Kills 555 Entered Garrisons 1000 Used RIF Installer 2000 Aligned with FarCom 300 Met Zhirov 300 Friendly Fire -363 Cogmind --------- Core Integrity 0/1300 Matter 60/300 Energy 100/100 System Corruption 9% Temperature Cool (9) Movement Core (50) Location -3/Garrison Parts ------- > --- POWER (1) -------- (None) > --- PROPULSION (8) --- (None) > --- UTILITY (10) ----- Improved Signal Interpreter Makeshift System Shield Advanced System Shield > --- WEAPON (2) ------- (None) > --- INVENTORY (5) ---- Light Antimatter Reactor Power Amplifier Quantum Shading Machine Advanced EM Disruption Field Linear Accelerator Peak State ------------ > --- POWER ------------ Particle Reactor > --- PROPULSION ------- Medium Treads Medium Treads Myomer Leg Myomer Leg Biometal Leg > --- UTILITY ---------- Medium Storage Unit Improved Signal Interpreter Improved Melee Analysis Suite Layered Heavy Armor Plating Advanced EM Disruption Field Makeshift System Shield Makeshift System Shield Advanced System Shield System Guard > --- WEAPON ----------- Railgun > --- INVENTORY -------- Fusion Reactor Power Amplifier Power Amplifier Quantum Shading Machine Transdimensional Reconstructor Quantum Rifle Micro-nuke Launcher Improved Remote Datajack Powered Hammer [Rating: 98] Favorites ----------- Power Light Nuclear Core Engine Ion Engine Power Core Light Nuclear Core Reactor Fusion Reactor Propulsion Light Treads Treads Light Treads Leg Carbon-fiber Leg Wheel Armored Wheel Hover Unit Linear Gravjet Flight Unit Nuclear Pulse Array Utility Large Storage Unit Device Improved Sensor Array Storage Large Storage Unit Processor Improved Signal Interpreter Hackware Makeshift System Shield Protection Layered Light Armor Plating Weapon Power Maul Energy Gun Precision Shock Rifle Energy Cannon Heavy Plasma Cannon Ballistic Gun Assault Rifle Ballistic Cannon Advanced Assault Cannon Launcher Proton Missile Launcher Special Weapon Remote Datajack Impact Weapon Power Maul Slashing Weapon Blade Saw Special Melee Weapon Improved Datajack Build | -11 -10 -10 -10 -9 -8 -8 -8 -7 -7 -7 -6 -6 -6 -6 -6 -5 -5 -5 -5 -5 -4 -4 -4 -4 -3 -3 -3 ------- Run | Yrd Mat Min Exi Min Mat Gar Mat Fac Gar Fac Fac Gar Fac Low Low Fac Gar Fac Upp Upp Fac Upp Upp Zhi Pro Res Gar Slots Evolved 14 | . . . . . 4 . . 2 . . 2 . . . . 2 . . . . 2 . . . . 2 . Power . | . . . . . . . . . . . . . . . . . . . . . . . . . . . . Propulsion 6 | . . . . . 2 . . . . . . . . . . . . . . . 2 . . . . 2 . Utility 8 | . . . . . 2 . . 2 . . 2 . . . . 2 . . . . . . . . . . . Weapon . | . . . . . . . . . . . . . . . . . . . . . . . . . . . . Parts Attached 333 | 6 2 4 7 1 11 13 17 3 36 17 16 21 17 5 . 18 21 31 2 1 6 3 20 14 3 20 18 Power 32 | 1 . . . 1 1 1 2 . 2 . . 1 1 . . 2 2 1 . . 1 . 5 5 2 3 1 Engine 8 | 1 . . . 1 . . 2 . 1 . . . . . . 1 . 1 . . . . 1 . . . . Core 17 | . . . . . 1 1 . . 1 . . 1 1 . . 1 2 . . . 1 . 4 2 2 . . Reactor 7 | . . . . . . . . . . . . . . . . . . . . . . . . 3 . 3 1 Propulsion 78 | 2 1 2 1 . 3 4 2 . 10 4 2 3 1 1 . 7 4 9 . . 2 . 7 3 . 5 5 Treads 17 | 1 . . 1 . 1 2 1 . 2 1 1 . . . . 3 1 1 . . . . . . . 2 . Leg 22 | . . . . . 2 1 . . 4 3 1 1 . . . . 2 . . . . . . . . 3 5 Wheel 18 | 1 1 2 . . . 1 1 . 2 . . 2 1 1 . 2 . 4 . . . . . . . . . Hover 3 | . . . . . . . . . . . . . . . . 1 1 1 . . . . . . . . . Flight 18 | . . . . . . . . . 2 . . . . . . 1 . 3 . . 2 . 7 3 . . . Utility 121 | 1 1 . 4 . 4 6 6 3 14 9 10 6 13 2 . 5 2 15 2 1 1 2 1 4 1 6 2 Device 64 | . . . 2 . 2 2 6 2 3 7 6 5 12 . . 2 . 5 2 . . 1 1 1 . 4 1 Storage 11 | 1 1 . 2 . . 2 . . 1 . . . . . . . . 2 . . . . . 1 . 1 . Processor 9 | . . . . . 1 1 . . . . . . 1 . . 1 . 4 . . 1 . . . . . . Hackware 18 | . . . . . . . . . 5 1 1 1 . 1 . 1 2 4 . . . . . 1 1 . . Protection 19 | . . . . . 1 1 . 1 5 1 3 . . 1 . 1 . . . 1 . 1 . 1 . 1 1 Artifact . | . . . . . . . . . . . . . . . . . . . . . . . . . . . . Weapon 102 | 2 . 2 2 . 3 2 7 . 10 4 4 11 2 2 . 4 13 6 . . 2 1 7 2 . 6 10 Energy Gun 13 | . . . . . . 1 2 . . . 1 2 . . . 2 3 1 . . . . . . . . 1 Energy Cannon 9 | . . . . . 1 . 1 . 2 . . 1 . . . 1 2 1 . . . . . . . . . Ballistic Gun 21 | 2 . 1 2 . 2 . 2 . 1 1 2 5 . . . . 1 . . . . . . . . 1 1 Ballistic Cannon 8 | . . . . . . . . . . . . . . . . 1 2 1 . . . . 1 . . . 3 Launcher 11 | . . 1 . . . 1 1 . 2 . . . . 1 . . 3 . . . . . . . . 1 1 Special Weapon 6 | . . . . . . . 1 . 1 . . . . . . . . . . . . . 3 . . 1 . Impact Weapon 28 | . . . . . . . . . 3 3 1 1 1 1 . . 2 3 . . 2 . 2 2 . 3 4 Slashing Weapon 1 | . . . . . . . . . 1 . . . . . . . . . . . . . . . . . . Piercing Weapon . | . . . . . . . . . . . . . . . . . . . . . . . . . . . . Special Melee Weapon 5 | . . . . . . . . . . . . 2 1 . . . . . . . . 1 1 . . . . Unidentified Prototypes 15 | . . . . . . . 1 . . . 1 . . . . 1 . 3 . . . . 1 5 . 2 1 Corrupted Parts 3 | . . . . . . . . . . . . . . . . . 2 . . . . . . 1 . . . System Corruption 30 | . . . . . . . . . . . . . . . . . 15 . . . . . . 15 . . . Parts Lost 110 | . . 2 . . . 2 3 . 11 . . 6 1 1 . 3 19 11 1 . 3 . 16 . 5 5 21 Power 15 | . . . . . . 1 . . 2 . . 1 . . . 1 3 1 . . . . 3 . 1 . 2 Propulsion 39 | . . 2 . . . . 1 . 4 . . 3 . 1 . 1 5 3 . . . . 8 . 3 1 7 Utility 36 | . . . . . . 1 1 . 2 . . 1 1 . . 1 4 6 1 . 3 . 4 . 1 3 7 Weapon 20 | . . . . . . . 1 . 3 . . 1 . . . . 7 1 . . . . 1 . . 1 5 Highest Loss Streak 12 | . . 2 . . . 2 2 . 5 . . 3 1 1 . 3 6 11 1 . 2 . 12 . 4 3 7 To Critical Strikes . | . . . . . . . . . . . . . . . . . . . . . . . . . . . . Average Slot Usage (%) 84 | . 85 81 67 100 88 98 99 94 77 99 97 95 99 93 86 90 79 68 81 76 74 81 65 70 68 60 50 Engine 2 | . 14 14 14 14 8 . 7 7 1 . . . . . . 2 . . . . . . . . . . . Core 3 | . . . . . . 8 1 . 2 7 6 5 6 6 6 2 3 . . . . 5 3 3 2 . . Treads 6 | . 5 . 4 14 18 18 18 15 7 7 4 6 6 6 6 2 4 1 . . . . . . . 1 3 Leg 6 | . . . . . 7 9 9 7 6 22 20 15 13 12 . . 2 2 . . . . . . . 5 7 Wheel 6 | . 22 24 23 14 9 8 8 7 6 . . 3 5 6 13 10 2 3 . . . . . . . . . Flight 2 | . . . . . . . . . 2 . . . . . . 1 . 3 17 17 20 21 14 21 20 4 . Device 8 | . . . 2 14 12 1 5 24 6 11 19 11 17 13 6 13 8 4 5 11 8 8 5 6 4 6 . Storage 7 | . 14 14 13 14 9 12 16 7 7 7 6 6 6 6 6 5 5 2 . . . . . 3 5 4 3 Processor 7 | . . . . . . 17 13 7 1 . . . 5 6 6 7 6 15 17 17 15 15 15 15 15 14 10 Hackware 15 | . . . . . . . . . 14 23 25 26 22 20 20 16 25 26 34 23 21 21 16 13 16 16 11 Protection 1 | . . . . . 4 3 . . 2 1 . 5 . . 6 4 2 . . 5 4 1 2 1 . 1 1 Energy Gun 1 | . . . . . . 5 10 7 1 . 5 4 . . . 2 1 . . . . . . . . . 1 Ballistic Gun 4 | . 28 28 8 28 15 3 2 7 5 4 2 6 . . . . . . . . . . . . . 1 2 Impact Weapon 2 | . . . . . . . . . 4 3 3 . 6 5 6 1 . 3 4 . 2 5 4 2 1 . 1 Special Melee Weapon 1 | . . . . . . . . . . . . . 6 6 6 1 . . . . . 3 . . . . . Naked Turns . | . . . . . . . . . . . . . . . . . . . . . . . . . . . . Heaviest Build 149 | 13 148 149 149 29 37 36 39 35 43 39 47 47 35 37 36 54 54 35 6 24 31 16 19 31 30 54 51 Greatest Support 78 | 20 26 26 26 10 10 20 12 12 46 56 69 51 26 22 22 39 75 32 6 26 41 41 41 31 31 78 78 Greatest Overweight (x) 9 | . 9 5 5 2 3 3 3 2 6 . . 3 2 3 1 4 6 3 . . 2 . 2 . . 3 3 Average Overweight (x) 1 | . 3 5 4 2 2 2 2 2 1 . . 1 1 1 1 1 1 . . . . . . . . . . Largest Inventory Capacity 30 | 8 30 30 30 15 15 15 15 15 15 15 15 15 15 15 15 15 15 15 5 5 5 5 5 10 10 10 10 Average Capacity 14 | 7 24 30 25 15 15 15 15 15 15 15 15 15 15 15 15 15 15 10 5 5 5 5 5 8 10 10 9 Most Carried 30 | 8 15 22 30 15 15 15 15 15 15 15 15 15 15 15 15 15 15 11 5 5 5 5 5 7 10 10 10 Average Carried 12 | 3 10 19 22 14 14 14 14 14 14 14 14 13 14 15 14 14 12 7 5 5 4 5 4 5 7 8 7 Final Capacity 30 | 8 30 30 15 15 15 15 15 15 15 15 15 15 15 15 15 15 15 5 5 5 5 5 5 10 10 10 5 Final Carried 22 | 8 15 22 15 15 15 15 15 15 15 15 15 15 15 15 14 14 8 5 5 5 5 5 5 7 7 10 5 Class Distribution -------------------- 28% | Bothacker-Mutant 24% | Mutant 15% | Hacker-Mutant 14% | Scavenger-Mutant 5% | Bothacker-Assassin 5% | Hauler-Mutant 4% | Hacker-Sprinter Dominant Class ---------------- Hauler-Mutant | -10/Materials Hauler-Mutant | -10/Mines Hauler-Mutant | -10/Exiles Mutant | -9/Mines Scavenger-Mutant | -8/Materials Scavenger-Mutant | -8/Garrison Scavenger-Mutant | -8/Materials Scavenger-Mutant | -7/Factory Bothacker-Mutant | -7/Garrison Mutant | -7/Factory Mutant | -6/Factory Bothacker-Mutant | -6/Garrison Bothacker-Assassin | -6/Factory Bothacker-Mutant | -6/Lower Caves Bothacker-Mutant | -6/Lower Caves Bothacker-Mutant | -5/Factory Bothacker-Mutant | -5/Garrison Bothacker-Mutant | -5/Factory Hacker-Mutant | -5/Upper Caves Hacker-Mutant | -5/Upper Caves Hacker-Mutant | -4/Factory Hacker-Sprinter | -4/Upper Caves Hacker-Mutant | -4/Upper Caves Hacker-Sprinter | -4/Zhirov Hacker-Sprinter | -3/Proximity Caves Hacker-Mutant | -3/Research Hacker-Mutant | -3/Garrison Resources | -11 -10 -10 -10 -9 -8 -8 -8 -7 -7 -7 -6 -6 -6 -6 -6 -5 -5 -5 -5 -5 -4 -4 -4 -4 -3 -3 -3 ----------- Run | Yrd Mat Min Exi Min Mat Gar Mat Fac Gar Fac Fac Gar Fac Low Low Fac Gar Fac Upp Upp Fac Upp Upp Zhi Pro Res Gar Matter Collected 4655 | 292 . 138 . 105 175 239 93 16 660 101 250 321 25 183 60 152 559 362 89 22 62 30 218 150 24 153 176 Remotely . | . . . . . . . . . . . . . . . . . . . . . . . . . . . . Salvage Created 6089 | 155 49 136 . 89 293 305 331 16 536 218 250 244 33 103 60 169 1194 341 56 . 325 . 23 309 . 678 176 Parts 199 | 9 2 12 . 2 11 16 20 4 16 5 4 14 2 . . 14 26 13 . . 8 . 1 . . 14 6 Haulers Intercepted . | . . . . . . . . . . . . . . . . . . . . . . . . . . . . Recyclers Shooed 2 | . . . . . . . . . . . . . . . . . . 1 . . . . . . . 1 . Parts Field Recycled . | . . . . . . . . . . . . . . . . . . . . . . . . . . . . Retrieved Matter . | . . . . . . . . . . . . . . . . . . . . . . . . . . . . Parts Self-Destructed 12 | . . . . . . . . . . . . . . . . . . . . . . 4 6 . 2 . . Prevented 1 | . . . . . . . . . . . . . . . . . . . . . . . 1 . . . . Kills | -11 -10 -10 -10 -9 -8 -8 -8 -7 -7 -7 -6 -6 -6 -6 -6 -5 -5 -5 -5 -5 -4 -4 -4 -4 -3 -3 -3 ------- Run | Yrd Mat Min Exi Min Mat Gar Mat Fac Gar Fac Fac Gar Fac Low Low Fac Gar Fac Upp Upp Fac Upp Upp Zhi Pro Res Gar Combat Hostiles Destroyed 88 | . 1 5 . . 5 8 8 . 9 2 3 8 . . . 6 13 6 . . 2 . 1 . . 8 3 Melee 5 | . . . . . . . . . . 1 . . . . . . . 2 . . 2 . . . . . . Guns 32 | . 1 3 . . 4 1 4 . 3 1 . 8 . . . 1 3 . . . . . . . . 1 2 Cannons 24 | . . . . . 1 4 1 . 3 . . . . . . 5 5 4 . . . . . . . . 1 AOE 20 | . . 2 . . . 3 3 . 2 . . . . . . . 4 . . . . . . . . 6 . Classes Destroyed 16 | 3 1 1 . . 1 1 . . 1 1 2 . 1 1 1 1 . . . . . . . . . . 1 Worker 8 | 1 . 1 . . . . 1 . . . 1 . . . . . . 1 . . 1 . . . . 2 . Builder 3 | . . . . . . . . . . . 1 . 1 . . . . . . . 1 . . . . . . Tunneler 4 | 2 . . . . . . . 1 . . . . . . . . . 1 . . . . . . . . . Recycler 10 | 1 . . . 1 1 . . . . 1 . . . . . . . 1 . . 2 . . . . 3 . Mechanic 1 | . . . . . . . . . . . . . 1 . . . . . . . . . . . . . . Watcher 2 | . . . . . . . . . . . 1 . . . . 1 . . . . . . . . . . . Swarmer 33 | . . 3 . . . . 3 . . 1 . 7 . . . 4 8 4 . . 2 . 1 . . . . Cutter 3 | . . . . . . . . . 3 . . . . . . . . . . . . . . . . . . Grunt 34 | . 1 2 . . 4 6 2 . 5 1 3 1 . . . . 5 . . . . . . . . 4 . Brawler 2 | . . . . . . 1 . . 1 . . . . . . . . . . . . . . . . . . Duelist 1 | . . . . . . . . . . 1 . . . . . . . . . . . . . . . . . Sentry 6 | . . . . . 1 1 3 . . . . . . . . . . . . . . . . . . 1 . Hunter 3 | . . . . . . . . . . . . . . . . . . . . . . . . . . . 3 Programmer 7 | . . . . . . . . . . . . . . . . 2 . 2 . . . . . . . 3 . Decomposer 1 | . . . . . . . . . . . . . . . 1 . . . . . . . . . . . . Samaritan 3 | . . . . . . . . . . . . . . 2 . . . . 1 . . . . . . . . Tinkerer 1 | . . . . . . . . . . . . . . . 1 . . . . . . . . . . . . Best Kill Streak 9 | 3 1 3 . 1 3 3 3 1 2 1 2 5 1 . . 4 5 4 . . 3 . 1 . . 9 2 Combat Bots Only 7 | . 1 3 . . 3 3 3 . 2 1 2 5 . . . 4 5 4 . . 1 . 1 . . 7 2 Max Kills in Single Turn 4 | 1 1 2 . 1 2 1 3 1 1 1 1 1 1 1 1 1 4 1 1 . 1 . 1 . . 3 1 Gunslinging 1 | . . . . . 1 . . . . . . . . . . . . . . . . . . . . . . Exploded 3 | . . 2 . . . 1 3 . 1 . . . . . . . 3 . . . . . . . . 3 . Melee 1 | . . . . . . . . . . 1 . . . . . . . 1 . . 1 . . . . . . Uniques/NPCs Destroyed . | . . . . . . . . . . . . . . . . . . . . . . . . . . . . Combat | -11 -10 -10 -10 -9 -8 -8 -8 -7 -7 -7 -6 -6 -6 -6 -6 -5 -5 -5 -5 -5 -4 -4 -4 -4 -3 -3 -3 -------- Run | Yrd Mat Min Exi Min Mat Gar Mat Fac Gar Fac Fac Gar Fac Low Low Fac Gar Fac Upp Upp Fac Upp Upp Zhi Pro Res Gar Hostile Shots Fired 1432 | . 4 23 . . 30 41 38 . 122 27 16 143 14 12 3 37 171 98 1 . 54 14 161 . 65 112 246 Missed 498 | . 3 8 . . 9 10 9 . 29 11 8 42 5 4 . 12 41 22 . . 23 14 74 . 34 47 93 Damage Taken 17144 | . 10 213 . . 359 492 428 . 1854 364 139 1341 117 90 20 508 2283 1284 37 . 597 . 1553 . 609 1681 3165 Core 4170 | . . 54 . . 89 132 39 . 570 47 32 84 15 18 . 75 270 536 27 . 68 . 655 . 219 167 1073 Absorbed by Shields 135 | . . . . . . . . . . . . . . . . . 135 . . . . . . . . . . Reduced by Siege Mode 15 | . . . . . . . . . . . . . . . . . 15 . . . . . . . . . . Redirected to Shielding 91 | . . . . . . . . . . . . . . . . . . . . . . . . . . . 91 Ignored by Resistances 122 | . . . . . . . . . . . . . . . . . . . . . 122 . . . . . . Core Remaining (%) 50 | 100 . . . 78 . . 52 . . 11 . . . . 82 . . . . 9 . . . . 18 . . Volleys Fired 344 | 8 3 12 . 2 18 28 29 1 57 26 2 29 . . . 19 46 13 . . . . 9 . . 20 22 Largest 2 | 2 2 2 . 2 2 2 2 2 2 1 1 2 . . . 2 2 2 . . . . 1 . . 1 2 Hottest 171 | 40 40 50 . 40 79 121 121 84 120 35 55 90 . . . 138 171 147 . . . . 7 . . 49 159 Shots Fired 487 | 16 6 23 . 4 36 45 50 2 66 26 2 39 . . . 27 62 17 . . . . 9 . . 20 37 Gun 296 | 16 6 22 . 4 29 17 43 2 34 20 2 39 . . . 5 21 3 . . . . . . . 9 24 Cannon 121 | . . . . . 7 18 1 . 12 . . . . . . 22 35 14 . . . . . . . . 12 Launcher 34 | . . 1 . . . 10 2 . 9 . . . . . . . 6 . . . . . . . . 5 1 Special 36 | . . . . . . . 4 . 11 6 . . . . . . . . . . . . 9 . . 6 . Kinetic 244 | 16 6 22 . 4 29 14 . 1 18 20 . 25 . . . 19 28 9 . . . . . . . 9 24 Thermal 94 | . . . . . . 3 24 1 28 . . . . . . 3 15 8 . . . . . . . . 12 Explosive 28 | . . 1 . . . 10 2 . 9 . . . . . . . . . . . . . . . . 5 1 Electromagnetic 85 | . . . . . 7 18 20 . . . 2 14 . . . 5 19 . . . . . . . . . . Robot Hit Streak 33 | 5 10 4 . 1 29 33 9 2 7 14 3 6 . . . 5 20 6 . . . . 4 . . 7 4 Robot Miss Streak 5 | 1 . 3 . 1 3 5 1 . 3 2 . 3 . . . 5 2 3 . . . . 3 . . 4 4 Penetration Max 1 | . . . . . . . . . . . . 1 . . . . 1 . . . . . . . . . . Secondary Targets 3 | . . 1 . . 1 . . . . . . . . . . . . . . . . . . . . . 1 Max Gunslinging Chain 1 | . . 1 . . 1 . . . . . . . . . . . . . . . . . . . . . 1 Shots Hit Robots 404 | 10 5 12 . 1 31 30 35 1 60 26 9 23 4 3 4 13 57 15 1 . 11 . 8 6 . 18 21 Core Hits 182 | 6 2 9 . 1 11 20 15 1 21 4 2 12 . . 2 6 25 9 . . 3 . . 1 . 22 10 Critical Kills 2 | . . . . . 1 . . . . . . . . . . . . . . . . . . . . . 1 Critical Parts Destroyed 19 | . . 1 . . . . . . 2 . 3 . . . 1 . 5 3 1 . 1 . 1 1 . . . Critical Strikes 23 | . . 1 . . 1 . 1 . 3 . 3 . . . 1 . 5 3 1 . 1 . 1 1 . . 1 Burn 1 | . . . . . . . 1 . . . . . . . . . . . . . . . . . . . . Destroy 4 | . . 1 . . 1 . . . 1 . . . . . . . . . . . . . . . . . 1 Smash 17 | . . . . . . . . . 1 . 3 . . . 1 . 5 3 1 . 1 . 1 1 . . . Sever 1 | . . . . . . . . . 1 . . . . . . . . . . . . . . . . . . Melee Attacks 135 | . . . . . . . . . 28 7 10 9 10 3 5 . 14 13 1 . 16 . 6 6 . 3 4 Impact 121 | . . . . . . . . . 23 7 10 5 8 2 5 . 14 13 1 . 16 . 4 6 . 3 4 Slashing 5 | . . . . . . . . . 5 . . . . . . . . . . . . . . . . . . Piercing . | . . . . . . . . . . . . . . . . . . . . . . . . . . . . Sneak Attacks 26 | . . . . . . . . . . 2 2 1 4 3 2 . . 4 1 . 4 . . . . 3 . Combat Hostiles 2 | . . . . . . . . . . . 1 1 . . . . . . . . . . . . . . . Follow-up Attacks . | . . . . . . . . . . . . . . . . . . . . . . . . . . . . Damage Inflicted 14755 | 121 49 255 . 9 446 911 679 20 2104 780 503 477 172 228 450 409 2792 850 108 . 654 . 27 538 . 1500 673 Guns 3790 | 121 49 130 . 9 289 102 494 20 359 430 44 477 . . . 22 598 94 . . . . . . . 207 345 Cannons 2095 | . . . . . 157 293 24 . 241 . . . . . . 387 593 235 . . . . . . . . 165 Explosions 2935 | . . 125 . . . 516 161 . 454 . . . . . . . 535 . . . . . . . . 1008 136 Melee 5893 | . . . . . . . . . 1050 350 459 . 172 228 450 . 1066 506 108 . 654 . 27 538 . 285 . Ramming 42 | . . . . . . . . . . . . . . . . . . 15 . . . . . . . . 27 Kinetic 3096 | 121 49 130 . 9 289 68 . . 159 430 . 282 . . . 271 604 164 . . . . . . . 207 313 Thermal 1794 | . . . . . . 34 320 20 441 . . . . . . 116 501 165 . . . . . . . . 197 Explosive 2359 | . . 125 . . . 516 120 . 454 . . . . . . . . . . . . . . . . 1008 136 Electromagnetic 1571 | . . . . . 157 293 239 . . . 44 195 . . . 22 621 . . . . . . . . . . Impact 5842 | . . . . . . . . . 999 350 459 . 172 228 450 . 1066 506 108 . 654 . 27 538 . 285 . Slashing 51 | . . . . . . . . . 51 . . . . . . . . . . . . . . . . . . Piercing . | . . . . . . . . . . . . . . . . . . . . . . . . . . . . Highest Corruption 22 | . 2 2 2 2 . . . . . . . . 1 1 1 1 16 22 18 18 . . . 8 10 . 9 Average Corruption 5 | . 1 2 2 2 . . . . . . . . 1 1 1 1 9 17 14 18 . . . 8 8 . 6 Corruption Purged . | . . . . . . . . . . . . . . . . . . . . . . . . . . . . Corruption Blocked . | . . . . . . . . . . . . . . . . . . . . . . . . . . . . Effects 105 | . . 4 10 8 . . . . . . . . 2 5 2 . 23 27 11 . . . . 2 4 . 7 Message Errors 22 | . . 1 2 2 . . . . . . . . 1 . 1 . 5 7 . . . . . 1 2 . . Matter Fused 24 | . . . 1 1 . . . . . . . . . 2 . . 6 7 5 . . . . . 1 . 1 Heat Flow Errors 15 | . . . 6 1 . . . . . . . . . . 1 . 4 1 . . . . . . 1 . 1 Energy Discharges 15 | . . 1 . 2 . . . . . . . . 1 . . . 4 3 4 . . . . . . . . Parts Rejected 4 | . . . . . . . . . . . . . . . . . . 1 . . . . . . . . 3 Data Loss (minor) 13 | . . 2 . . . . . . . . . . . 3 . . 2 4 1 . . . . 1 . . . Data Loss (major) 2 | . . . 1 . . . . . . . . . . . . . . . 1 . . . . . . . . Misfires 1 | . . . . . . . . . . . . . . . . . . 1 . . . . . . . . . Alerts 4 | . . . . 2 . . . . . . . . . . . . 2 . . . . . . . . . . Misdirections 2 | . . . . . . . . . . . . . . . . . . 2 . . . . . . . . . Weapon Failures 3 | . . . . . . . . . . . . . . . . . . 1 . . . . . . . . 2 Overload Shots . | . . . . . . . . . . . . . . . . . . . . . . . . . . . . Overflow Damage 2851 | . . . . . . 28 4 . 253 185 227 . 110 199 190 21 511 324 108 . 206 . 27 273 . 185 . Projectiles 50 | . . . . . . . 4 . . . . . . . . 21 19 6 . . . . . . . . . Explosions 49 | . . . . . . 28 . . 6 . . . . . . . 15 . . . . . . . . . . Melee 2752 | . . . . . . . . . 247 185 227 . 110 199 190 . 477 318 108 . 206 . 27 273 . 185 . Knockbacks 25 | . . . . . . . . . 3 1 4 . . . . 4 3 2 . . 3 . . . . 2 3 Impact 13 | . . . . . . . . . 2 1 3 . . . . . . 2 . . 3 . . . . 2 . Kinetic 10 | . . . . . . . . . . . . . . . . 4 3 . . . . . . . . . 3 Secondary 2 | . . . . . . . . . 1 . 1 . . . . . . . . . . . . . . . . Self-Inflicted Damage 425 | . . 26 . . . . 25 . 22 . . . . . . . 35 7 . . . . . . . 149 161 Shots 10 | . . 1 . . . . 2 . 1 . . . . . . . 2 . . . . . . . . 3 1 Rammed 7 | . . . . . . . . . . . . . . . . . 1 1 . . . . . . . . 5 Targets Rammed 14 | . . . . . . . . . . . . . . . . . 1 1 . . . . . . . . 12 Kicked 7 | . . . . . . . . . . . . . . . . . . . . . . . . . . . 7 Crushed . | . . . . . . . . . . . . . . . . . . . . . . . . . . . . Highest Temperature 423 | . 6 8 251 184 8 303 183 . 423 . . 292 . . 89 171 234 121 . . 9 . 9 . 212 . 169 Average Temperature 89 | . 6 3 87 99 8 113 74 . 140 . . 58 . . 53 47 91 60 . . 9 . 9 . 117 . 82 Received Heat Transfer 3286 | . 6 90 . . 171 288 180 . 630 63 72 415 . 36 9 . 696 . . . 33 . 231 . 30 99 237 Effects 6 | . . . . . . . . . 3 . . . . . . . 3 . . . . . . . . . . Energy Bleed 1 | . . . . . . . . . 1 . . . . . . . . . . . . . . . . . . Interference 4 | . . . . . . . . . 1 . . . . . . . 3 . . . . . . . . . . Short Circuit 1 | . . . . . . . . . 1 . . . . . . . . . . . . . . . . . . Siege Activations 1 | . . . . . . . . . . . . . . . . . 1 . . . . . . . . . . Total Turns 17 | . . . . . . . . . . . . . . . . . 17 . . . . . . . . . . Longest Duration 17 | . . . . . . . . . . . . . . . . . 17 . . . . . . . . . . Robots Corrupted 1 | . . . . . . . . . . . . . . . . . 1 . . . . . . . . . . Combat Hostiles 1 | . . . . . . . . . . . . . . . . . 1 . . . . . . . . . . Parts Fried 46 | . . . . . . . 1 . 1 1 5 . 3 2 . . 19 1 . . 6 . . 1 . 6 . Impact Corruptions 71 | . . . . . . . . . 4 3 6 . 2 5 5 . 9 9 5 . 7 . 2 7 . 7 . Robots Melted . | . . . . . . . . . . . . . . . . . . . . . . . . . . . . Combat Hostiles . | . . . . . . . . . . . . . . . . . . . . . . . . . . . . Parts Melted 7 | . . . . . . . 3 . . . . . . . . 1 3 . . . . . . . . . . Heat Transferred 2872 | . . . . . . 74 766 37 767 . . . . . . 150 700 175 . . . . . . . . 203 Parts Sabotaged . | . . . . . . . . . . . . . . . . . . . . . . . . . . . . Parts Stolen 3 | . . . . . . . . . . . . . . . 2 . . . . . . . 1 . . . . Parts Stripped . | . . . . . . . . . . . . . . . . . . . . . . . . . . . . Power Chain Reactions 3 | . . . . . . . 1 . . . . . . . . . 2 . . . . . . . . . . Alert | -11 -10 -10 -10 -9 -8 -8 -8 -7 -7 -7 -6 -6 -6 -6 -6 -5 -5 -5 -5 -5 -4 -4 -4 -4 -3 -3 -3 ------- Run | Yrd Mat Min Exi Min Mat Gar Mat Fac Gar Fac Fac Gar Fac Low Low Fac Gar Fac Upp Upp Fac Upp Upp Zhi Pro Res Gar Peak Influence 571 | 20 48 132 . 5 268 351 247 70 522 309 307 548 282 . . 187 475 332 . . 157 . . . . 571 495 Initial 468 | . 13 18 . . . 174 170 50 49 263 133 161 277 . . . . 231 . . 52 . . . . 468 319 Average 225 | 6 30 109 . 1 120 301 163 52 274 255 189 404 210 . . 79 254 215 . . 80 . . . . 459 421 Maximum Alert Level 2 | . . . . . 1 1 1 . 2 1 1 2 1 . . . 2 1 . . . . . . . 2 2 Low Security (%) 47 | 100 100 100 . 100 83 7 76 100 52 7 59 11 37 . . 100 35 32 . . 100 . . . . . . Level 1 33 | . . . . . 16 92 23 . 9 92 40 27 62 . . . 34 67 . . . . . . . 12 35 Level 2 18 | . . . . . . . . . 38 . . 60 . . . . 29 . . . . . . . . 87 64 Level 3 . | . . . . . . . . . . . . . . . . . . . . . . . . . . . . Level 4 . | . . . . . . . . . . . . . . . . . . . . . . . . . . . . Level 5 . | . . . . . . . . . . . . . . . . . . . . . . . . . . . . High Security . | . . . . . . . . . . . . . . . . . . . . . . . . . . . . Max Security . | . . . . . . . . . . . . . . . . . . . . . . . . . . . . Squads Dispatched 15 | . . . . . 3 . 1 . . . 1 . . . . 1 . 2 . . . . 1 . 1 5 . Investigation 1 | . . . . . . . . . . . 1 . . . . . . . . . . . . . . . . Extermination 4 | . . . . . . . . . . . . . . . . 1 . 1 . . . . . . . 2 . Reinforcement 3 | . . . . . 1 . 1 . . . . . . . . . . 1 . . . . . . . . . Assault 5 | . . . . . . . . . . . . . . . . . . . . . . . 1 . 1 3 . Garrison 2 | . . . . . 2 . . . . . . . . . . . . . . . . . . . . . . Intercept . | . . . . . . . . . . . . . . . . . . . . . . . . . . . . Searches Triggered 1 | . . . . . . . . . . . . . . . . . . . . . . . . . . 1 . Construction Impeded . | . . . . . . . . . . . . . . . . . . . . . . . . . . . . Haulers Reinforced 1 | . . . . . . . . . . . . . . . . . . 1 . . . . . . . . . Active Scanning Responses . | . . . . . . . . . . . . . . . . . . . . . . . . . . . . Cargo Convoy Interrupts 1 | . . . . . . . . . . . . . 1 . . . . . . . . . . . . . . Stealth | -11 -10 -10 -10 -9 -8 -8 -8 -7 -7 -7 -6 -6 -6 -6 -6 -5 -5 -5 -5 -5 -4 -4 -4 -4 -3 -3 -3 --------- Run | Yrd Mat Min Exi Min Mat Gar Mat Fac Gar Fac Fac Gar Fac Low Low Fac Gar Fac Upp Upp Fac Upp Upp Zhi Pro Res Gar Distress Signals 5 | . 1 . . . . . 1 . . . . . . . . . . . . . . . . . 1 2 . Communications Jammed . | . . . . . . . . . . . . . . . . . . . . . . . . . . . . Distress Signals . | . . . . . . . . . . . . . . . . . . . . . . . . . . . . Times Spotted 293 | . 5 5 . . 12 9 13 1 27 12 8 16 10 3 7 8 26 12 4 . 9 8 38 . 31 14 15 Peak Tracking Total 18 | . 3 3 . . 5 3 6 1 5 3 3 11 7 3 5 4 10 7 4 . 5 9 18 . 15 13 12 Tactical Retreats 32 | . . . . . . 1 2 . 2 . 4 2 . . . 1 5 . . . 1 . 7 . 5 1 1 Traps | -11 -10 -10 -10 -9 -8 -8 -8 -7 -7 -7 -6 -6 -6 -6 -6 -5 -5 -5 -5 -5 -4 -4 -4 -4 -3 -3 -3 ------- Run | Yrd Mat Min Exi Min Mat Gar Mat Fac Gar Fac Fac Gar Fac Low Low Fac Gar Fac Upp Upp Fac Upp Upp Zhi Pro Res Gar Traps Triggered 21 | . 2 . . . . 2 . . 2 1 1 . 1 . . 3 8 . . . . . . . . . 1 Indirectly 1 | . . . . . . . . . . . . . . . . . 1 . . . . . . . . . . Trap Hack Attempts . | . . . . . . . . . . . . . . . . . . . . . . . . . . . . Triggered . | . . . . . . . . . . . . . . . . . . . . . . . . . . . . Disarmed . | . . . . . . . . . . . . . . . . . . . . . . . . . . . . Reprogrammed . | . . . . . . . . . . . . . . . . . . . . . . . . . . . . Reused 2 | . . . . . . . 2 . . . . . . . . . . . . . . . . . . . . Traps Reconfigurated 49 | . . . . . 6 . 12 . 6 4 8 2 11 . . . . . . . . . . . . . . Traps Extracted . | . . . . . . . . . . . . . . . . . . . . . . . . . . . . Installed . | . . . . . . . . . . . . . . . . . . . . . . . . . . . . Triggered 3 | . . . . . . . 2 . . . . . . 1 . . . . . . . . . . . . . Machines | -11 -10 -10 -10 -9 -8 -8 -8 -7 -7 -7 -6 -6 -6 -6 -6 -5 -5 -5 -5 -5 -4 -4 -4 -4 -3 -3 -3 ---------- Run | Yrd Mat Min Exi Min Mat Gar Mat Fac Gar Fac Fac Gar Fac Low Low Fac Gar Fac Upp Upp Fac Upp Upp Zhi Pro Res Gar Machines Disabled 14 | . . . . . . . . . 2 2 . 3 1 . . . 1 2 . . . . . . . . 3 Max in Single Turn 2 | . . . . . . . . . 1 1 . 1 1 . . . 1 1 . . . . . . . . 2 Garrison Access 2 | . . . . . . . . . . 1 . . . . . . . 1 . . . . . . . . . Garrison Relay 4 | . . . . . . . . . 1 . . 2 . . . . 1 . . . . . . . . . . Phase Generator 1 | . . . . . . . . . . . . . . . . . . . . . . . . . . . 1 Machines Repaired . | . . . . . . . . . . . . . . . . . . . . . . . . . . . . Machines Dismantled . | . . . . . . . . . . . . . . . . . . . . . . . . . . . . Machines Sabotaged . | . . . . . . . . . . . . . . . . . . . . . . . . . . . . Overloaded Fab Kills . | . . . . . . . . . . . . . . . . . . . . . . . . . . . . Hacking | -11 -10 -10 -10 -9 -8 -8 -8 -7 -7 -7 -6 -6 -6 -6 -6 -5 -5 -5 -5 -5 -4 -4 -4 -4 -3 -3 -3 --------- Run | Yrd Mat Min Exi Min Mat Gar Mat Fac Gar Fac Fac Gar Fac Low Low Fac Gar Fac Upp Upp Fac Upp Upp Zhi Pro Res Gar Machines Accessed 56 | . 2 . 2 . 3 1 10 1 1 5 6 2 3 1 . 1 2 4 1 . 2 2 1 4 . 1 1 Terminals 33 | . 2 . . . 1 1 10 . 1 2 5 2 3 . . . 2 1 . . 2 . . . . . 1 Fabricators 2 | . . . . . . . . . . 1 . . . . . . . 1 . . . . . . . . . Repair Stations 1 | . . . . . . . . . . . . . . . . . . 1 . . . . . . . . . Recycling Units . | . . . . . . . . . . . . . . . . . . . . . . . . . . . . Scanalyzers 2 | . . . . . 1 . . . . 1 . . . . . . . . . . . . . . . . . Garrison Access 7 | . . . . . 1 . . 1 . 1 1 . . . . 1 . 1 . . . . . . . 1 . Total Hacks 134 | . 10 . 2 . 8 2 25 1 1 11 17 3 5 1 . 1 7 9 1 . 3 5 1 17 . 1 3 Successful 72 | . 4 . 2 . 6 1 9 1 1 4 10 2 . 1 . 1 1 2 1 . 1 5 1 17 . 1 1 Failed 62 | . 6 . . . 2 1 16 . . 7 7 1 5 . . . 6 7 . . 2 . . . . . 2 Catastrophic 11 | . . . . . . . 3 . . 1 2 . 2 . . . 1 1 . . 1 . . . . . . Database Lockouts . | . . . . . . . . . . . . . . . . . . . . . . . . . . . . Manual 39 | . 5 . 1 . 2 . 14 . . 3 5 . 5 . . . . . . . 3 . 1 . . . . Terminals 85 | . 10 . . . 4 2 25 . 1 4 16 3 5 . . . 7 2 . . 3 . . . . . 3 Fabricators 5 | . . . . . . . . . . 3 . . . . . . . 2 . . . . . . . . . Repair Stations 4 | . . . . . . . . . . . . . . . . . . 4 . . . . . . . . . Recycling Units . | . . . . . . . . . . . . . . . . . . . . . . . . . . . . Scanalyzers 5 | . . . . . 3 . . . . 2 . . . . . . . . . . . . . . . . . Garrison Access 8 | . . . . . 1 . . 1 . 2 1 . . . . 1 . 1 . . . . . . . 1 . Terminal Hacks 50 | . 2 . 2 . 2 1 6 . 1 1 5 2 . 1 . . 1 1 1 . . 5 1 17 . . 1 Record 10 | . . . 1 . . . . . . . . . . . . . . . . . . 4 . 5 . . . Part Schematic 4 | . . . . . . . . . . . . . . . . . . . . . . . . 4 . . . Robot Analysis 6 | . 1 . . . . . 1 . . . . . . . . . . . . . . . . 4 . . . Prototype ID Bank 5 | . . . . . . . . . . . 1 . . . . . . . . . . . . 4 . . . Open Door 4 | . . . . . . . . . . . . . . 1 . . . . 1 . . 1 1 . . . . Open DSF 1 | . . . . . . . . . . . . . . . . . . 1 . . . . . . . . . Branch Access Points 2 | . 1 . . . . . 1 . . . . . . . . . . . . . . . . . . . . Emergency Access Points 2 | . . . . . . . 1 . . . . . . . . . . . . . . . . . . . 1 Recycling Unit Index 1 | . . . . . . . 1 . . . . . . . . . . . . . . . . . . . . Unreport Threat 1 | . . . . . . . 1 . . . . . . . . . . . . . . . . . . . . Locate Traps 5 | . . . . . 1 . 1 . . 1 2 . . . . . . . . . . . . . . . . Registered Components 1 | . . . . . . . . . . . 1 . . . . . . . . . . . . . . . . Zone Layout 2 | . . . . . 1 . . . . . 1 . . . . . . . . . . . . . . . . Garrison Registry 1 | . . . . . . . . . . . . 1 . . . . . . . . . . . . . . . Patrol Navigation 2 | . . . . . . 1 . . . . . . . . . . 1 . . . . . . . . . . Security Stations 2 | . . . . . . . . . 1 . . 1 . . . . . . . . . . . . . . . Derelict Proto ID Bank 1 | . . . 1 . . . . . . . . . . . . . . . . . . . . . . . . Fabricator Hacks . | . . . . . . . . . . . . . . . . . . . . . . . . . . . . Repair Station Hacks . | . . . . . . . . . . . . . . . . . . . . . . . . . . . . Recycling Unit Hacks . | . . . . . . . . . . . . . . . . . . . . . . . . . . . . Scanalyzer 3 | . . . . . 2 . . . . 1 . . . . . . . . . . . . . . . . . Insert Component 2 | . . . . . 1 . . . . 1 . . . . . . . . . . . . . . . . . Analyze 1 | . . . . . 1 . . . . . . . . . . . . . . . . . . . . . . Garrison Access Hacks 8 | . . . . . 1 . . 1 . 2 1 . . . . 1 . 1 . . . . . . . 1 . Unlock Access 5 | . . . . . 1 . . 1 . . 1 . . . . 1 . . . . . . . . . 1 . Seal Access 2 | . . . . . . . . . . 1 . . . . . . . 1 . . . . . . . . . Coupler Status 1 | . . . . . . . . . . 1 . . . . . . . . . . . . . . . . . Unauthorized Hacks 11 | . 2 . . . 1 . 3 . . . 4 . . . . . . . . . 1 . . . . . . Terminals 11 | . 2 . . . 1 . 3 . . . 4 . . . . . . . . . 1 . . . . . . Botnet 11 | . 2 . . . 1 . 3 . . . 4 . . . . . . . . . 1 . . . . . . Fabricators . | . . . . . . . . . . . . . . . . . . . . . . . . . . . . Repair Stations . | . . . . . . . . . . . . . . . . . . . . . . . . . . . . Recycling Units . | . . . . . . . . . . . . . . . . . . . . . . . . . . . . Scanalyzers . | . . . . . . . . . . . . . . . . . . . . . . . . . . . . Garrison Access . | . . . . . . . . . . . . . . . . . . . . . . . . . . . . Data Cores Recovered . | . . . . . . . . . . . . . . . . . . . . . . . . . . . . Used . | . . . . . . . . . . . . . . . . . . . . . . . . . . . . Hacking Detections 37 | . 2 . . . 2 . 9 1 . 4 6 2 3 . . . 2 3 . . 2 . . . . . 1 Full Trace Events . | . . . . . . . . . . . . . . . . . . . . . . . . . . . . Feedback Events . | . . . . . . . . . . . . . . . . . . . . . . . . . . . . Feedback Blocked . | . . . . . . . . . . . . . . . . . . . . . . . . . . . . Robot Schematics Acquired . | . . . . . . . . . . . . . . . . . . . . . . . . . . . . Robots Built . | . . . . . . . . . . . . . . . . . . . . . . . . . . . . Authchips . | . . . . . . . . . . . . . . . . . . . . . . . . . . . . Time . | . . . . . . . . . . . . . . . . . . . . . . . . . . . . Total Robot Build Rating . | . . . . . . . . . . . . . . . . . . . . . . . . . . . . Part Schematics Acquired 4 | . . . . . . . . . . . . . . . . . . . . . . . . 4 . . . Parts Built . | . . . . . . . . . . . . . . . . . . . . . . . . . . . . Authchips . | . . . . . . . . . . . . . . . . . . . . . . . . . . . . Time . | . . . . . . . . . . . . . . . . . . . . . . . . . . . . Total Part Build Rating . | . . . . . . . . . . . . . . . . . . . . . . . . . . . . Parts Repaired . | . . . . . . . . . . . . . . . . . . . . . . . . . . . . Time . | . . . . . . . . . . . . . . . . . . . . . . . . . . . . Parts Recycled . | . . . . . . . . . . . . . . . . . . . . . . . . . . . . Recycled Matter . | . . . . . . . . . . . . . . . . . . . . . . . . . . . . Retrieved Matter . | . . . . . . . . . . . . . . . . . . . . . . . . . . . . Retrieved Components . | . . . . . . . . . . . . . . . . . . . . . . . . . . . . Parts Scanalyzed 2 | . . . . . 1 . . . . 1 . . . . . . . . . . . . . . . . . Part Schematics Acquired . | . . . . . . . . . . . . . . . . . . . . . . . . . . . . Parts Damaged 1 | . . . . . 1 . . . . . . . . . . . . . . . . . . . . . . Bothacking | -11 -10 -10 -10 -9 -8 -8 -8 -7 -7 -7 -6 -6 -6 -6 -6 -5 -5 -5 -5 -5 -4 -4 -4 -4 -3 -3 -3 ------------ Run | Yrd Mat Min Exi Min Mat Gar Mat Fac Gar Fac Fac Gar Fac Low Low Fac Gar Fac Upp Upp Fac Upp Upp Zhi Pro Res Gar Used RIF Installer 4 | . . . . . . 1 . . 1 . . . . . . . 1 . . . . . . . . . 1 Code Merge 1 | . . . . . . . . . . . . . . . . . . . . . . . . . . . 1 Watcher Feeds 1 | . . . . . . . . . 1 . . . . . . . . . . . . . . . . . . Patrol Navigation 1 | . . . . . . . . . . . . . . . . . 1 . . . . . . . . . . Robots Hacked 14 | . . . . . . . 2 . 3 2 . 2 1 1 . . . . . . . . 3 . . . . Non-combat 4 | . . . . . . . 2 . . . . . 1 1 . . . . . . . . . . . . . Combat 10 | . . . . . . . . . 3 2 . 2 . . . . . . . . . . 3 . . . . Robot Hacks Applied 22 | . . . . . . . 4 . 4 5 . 3 2 1 . . . . . . . . 3 . . . . parse_system 2 | . . . . . . . 1 . . . . . . 1 . . . . . . . . . . . . . no_distress 4 | . . . . . . . 3 . . . . . 1 . . . . . . . . . . . . . . find_station 1 | . . . . . . . . . . . . . 1 . . . . . . . . . . . . . . link_complan 2 | . . . . . . . . . . 1 . 1 . . . . . . . . . . . . . . . spike_heat 1 | . . . . . . . . . . 1 . . . . . . . . . . . . . . . . . disable_weapons 3 | . . . . . . . . . 2 1 . . . . . . . . . . . . . . . . . overwrite_iff 4 | . . . . . . . . . . 2 . 1 . . . . . . . . . . 1 . . . . formatsys_high 5 | . . . . . . . . . 2 . . 1 . . . . . . . . . . 2 . . . . Relay Couplers Released 20 | . . . . . . . . . 5 . . 8 . . . . 4 3 . . . . . . . . . Machine Destruction 20 | . . . . . . . . . 5 . . 8 . . . . 4 3 . . . . . . . . . Attached 11 | . . . . . . . . . 4 1 . 1 . . . 1 1 3 . . . . . . . . . Fabnet Peak Effective % . | . . . . . . . . . . . . . . . . . . . . . . . . . . . . Robots Rewired 1 | . . . . . . . . . . . . . . . . . . . . . . . 1 . . . . Allies Hacked . | . . . . . . . . . . . . . . . . . . . . . . . . . . . . Hacks Repelled . | . . . . . . . . . . . . . . . . . . . . . . . . . . . . Allies | -11 -10 -10 -10 -9 -8 -8 -8 -7 -7 -7 -6 -6 -6 -6 -6 -5 -5 -5 -5 -5 -4 -4 -4 -4 -3 -3 -3 -------- Run | Yrd Mat Min Exi Min Mat Gar Mat Fac Gar Fac Fac Gar Fac Low Low Fac Gar Fac Upp Upp Fac Upp Upp Zhi Pro Res Gar Total Allies 14 | . . . . 3 . . . . 4 2 . 1 . . . . . . . . . . 4 . . . . Largest Group 3 | . . . . 3 3 1 . . 3 2 . 1 . . . . . . . . . . 2 . . . . Highest-Rated Group 174 | . . . . 40 40 16 . . 174 30 . 29 . . . . . . . . . . 47 . . . . Highest-Rated Ally 80 | . . . . 16 16 16 . . 80 30 . 29 . . . . . . . . . . 47 . . . . Total Orders 3 | . . . . . . . . . . . . . . . . . 3 . . . . . . . . . . EXPLORE 2 | . . . . . . . . . . . . . . . . . 2 . . . . . . . . . . RETURN 1 | . . . . . . . . . . . . . . . . . 1 . . . . . . . . . . Ally Attacks 95 | . . . . . 38 4 . . 24 9 . 10 . . . . . . . . . . 10 . . . . Total Damage 1491 | . . . . . 498 17 . . 579 164 . 112 . . . . . . . . . . 121 . . . . Kills 23 | . . . . . 5 . . . 10 3 . 4 . . . . . . . . . . 1 . . . . Allies Corrupted . | . . . . . . . . . . . . . . . . . . . . . . . . . . . . Allies Melted 1 | . . . . . 1 . . . . . . . . . . . . . . . . . . . . . . Intel | -11 -10 -10 -10 -9 -8 -8 -8 -7 -7 -7 -6 -6 -6 -6 -6 -5 -5 -5 -5 -5 -4 -4 -4 -4 -3 -3 -3 ------- Run | Yrd Mat Min Exi Min Mat Gar Mat Fac Gar Fac Fac Gar Fac Low Low Fac Gar Fac Upp Upp Fac Upp Upp Zhi Pro Res Gar Robot Analysis Total 6 | . 1 . . . . . 1 . . . . . . . . . . . . . . . . 4 . . . Derelict Logs Recovered 7 | . . . . 1 . . . . . . . . . 2 1 . . . 1 . . 1 1 . . . . Drone Launches 2 | . . . . . . . . . . . . . . . . . 2 . . . . . . . . . . Drone Recoveries . | . . . . . . . . . . . . . . . . . . . . . . . . . . . . Exploration | -11 -10 -10 -10 -9 -8 -8 -8 -7 -7 -7 -6 -6 -6 -6 -6 -5 -5 -5 -5 -5 -4 -4 -4 -4 -3 -3 -3 ------------- Run | Yrd Mat Min Exi Min Mat Gar Mat Fac Gar Fac Fac Gar Fac Low Low Fac Gar Fac Upp Upp Fac Upp Upp Zhi Pro Res Gar Turns Passed 12483 | 103 146 172 595 675 201 523 763 108 1199 711 568 528 641 754 391 407 953 595 268 9 306 227 425 109 146 558 402 Spaces Moved 10880 | 64 88 75 371 594 105 328 472 83 649 527 412 278 450 622 377 257 475 613 604 21 415 706 943 184 495 391 281 Core 223 | 2 . . . . . . . . 1 . . . . . . . 1 146 . . . . 8 . . 2 63 Treads 313 | 2 . . . . . 11 . . . . . . . . . 23 277 . . . . . . . . . . Legs 1703 | . . . . . . . . . 134 527 412 168 12 . . . 5 89 . . . . . . . 138 218 Wheels 4681 | 60 88 75 371 594 105 317 472 83 514 . . 110 438 622 377 192 192 71 . . . . . . . . . Hover 42 | . . . . . . . . . . . . . . . . 42 . . . . . . . . . . . Flight 3918 | . . . . . . . . . . . . . . . . . . 307 604 21 415 706 935 184 495 251 . Fastest Speed 25 | 50 100 165 90 110 110 110 120 120 95 100 113 120 120 100 100 100 105 34 35 34 31 31 31 25 25 32 50 Average Speed 92 | 100 142 165 147 110 116 127 123 120 139 110 121 134 121 118 100 123 147 70 35 34 51 31 35 29 26 102 100 Slowest Speed 350 | 160 235 165 165 110 125 240 135 120 350 113 123 190 190 135 100 250 350 200 35 35 200 31 165 37 29 200 200 Overloaded Moves 32 | . . . . . . . . . . . . . . . . . . . . . . . . . 32 . . Propulsion Burnouts . | . . . . . . . . . . . . . . . . . . . . . . . . . . . . Robots Hopped 39 | . . . . . . . . . . . . . . . . . . 8 . . 5 1 18 . 5 2 . Cave-ins Triggered . | . . . . . . . . . . . . . . . . . . . . . . . . . . . . Teleports 1 | . . . . . . . . . . . . . . . . . . . . . . . . . . . 1 Exploration Rate (%) 37 | 4 20 18 62 90 11 38 51 3 59 21 15 42 17 80 43 9 33 21 71 6 12 76 80 60 68 10 35 Regions Visited 27 Branch Regions 11 Pre-discovered Areas 7 | . . . 1 . . . . . . . . . . 1 . . . . . . . 1 1 3 . . . Known Exits Taken 17 | . 1 . . . 1 . . 1 . . 1 . 1 1 1 1 . 1 1 1 1 1 1 1 1 1 . Unknown Exits Taken 6 | 1 . 1 1 1 . . 1 . . 1 . . . . . . . . . . . . . . . . . Scrap Searched 12 | . . . . 1 . . . . . . . . . 3 . . . . 1 1 . 3 2 . 1 . . Spaces Dug 12 | . . . . . . . . . 1 1 1 1 5 . . . . 2 . . . . 1 . . . . Terrain Destroyed 278 | . . 9 . . . 34 11 . 20 1 1 4 5 . . . 12 10 . . . . 1 . . 68 102 Melee 12 | . . . . . . . . . 1 1 1 1 5 . . . . 2 . . . . 1 . . . . Projectile 20 | . . . . . . . . . . . . 3 . . . . . 8 . . . . . . . 2 7 AOE 246 | . . 9 . . . 34 11 . 19 . . . . . . . 12 . . . . . . . . 66 95 Terrain Rammed . | . . . . . . . . . . . . . . . . . . . . . . . . . . . . Walls Destroyed . | . . . . . . . . . . . . . . . . . . . . . . . . . . . . Machines Disabled . | . . . . . . . . . . . . . . . . . . . . . . . . . . . . Actions | -11 -10 -10 -10 -9 -8 -8 -8 -7 -7 -7 -6 -6 -6 -6 -6 -5 -5 -5 -5 -5 -4 -4 -4 -4 -3 -3 -3 --------- Run | Yrd Mat Min Exi Min Mat Gar Mat Fac Gar Fac Fac Gar Fac Low Low Fac Gar Fac Upp Upp Fac Upp Upp Zhi Pro Res Gar Total 12514 | 85 103 99 428 615 151 387 604 89 830 623 455 381 525 633 381 315 636 721 659 21 473 710 999 222 504 516 349 Wait 462 | . . . 6 6 . . 61 1 12 27 8 28 31 . . 13 36 34 48 . 31 3 25 13 7 67 5 Move 10778 | 63 87 74 370 593 104 326 471 82 647 526 411 276 449 621 376 256 473 597 603 20 404 703 911 183 485 386 281 Hop 32 | . . . . . . . . . . . . . . . . . . 7 . . 5 1 13 . 4 2 . Pick Up 166 | 8 9 9 24 6 7 4 12 1 17 8 4 8 9 2 . 5 4 8 . . 5 . 4 2 1 6 3 Fast Attach 132 | 6 1 . 3 . 6 1 2 1 15 5 2 1 2 1 . 11 4 24 2 1 4 3 11 7 1 9 9 Attach 90 | . . 2 3 . 2 3 3 2 10 1 2 7 4 . . 4 10 7 . . 2 . 6 3 1 10 8 Detach 43 | . . . 3 . 1 1 1 1 1 1 . 4 1 . . . 1 6 1 . 1 . 5 3 2 8 2 Swap 114 | . 1 2 1 1 3 9 12 . 11 11 12 13 11 4 . 3 7 . . . . . 3 5 1 2 2 Drop 143 | . 2 . 18 7 10 7 13 . 16 11 4 6 8 2 . 4 3 11 4 . 5 . 6 . 2 3 1 Fire 344 | 8 3 12 . 2 18 28 29 1 57 26 2 29 . . . 19 46 13 . . . . 9 . . 20 22 Melee 135 | . . . . . . . . . 28 7 10 9 10 3 5 . 14 13 1 . 16 . 6 6 . 3 4 Ram 6 | . . . . . . . . . . . . . . . . . . 1 . . . . . . . . 5 Kick 7 | . . . . . . . . . . . . . . . . . . . . . . . . . . . 7 Crush 1 | . . . . . . . . . . . . . . . . . 1 . . . . . . . . . . Escape Stasis 61 | . . . . . . 8 . . 16 . . . . . . . 37 . . . . . . . . . . Rewire . | . . . . . . . . . . . . . . . . . . . . . . . . . . . . Trap . | . . . . . . . . . . . . . . . . . . . . . . . . . . . . Miscellaneous . | . . . . . . . . . . . . . . . . . . . . . . . . . . . . Route ------- -11/Scrapyard -10/Materials -10/Mines (discovered 2 exits: [*Mat] / *Exi) -10/Exiles (discovered 2 exits: [*Min x2]) -9/Mines -8/Materials -8/Garrison -8/Materials -7/Factory -7/Garrison (discovered 2 exits: *Fac x2) -7/Factory (discovered 2 exits: *Fac x2) -6/Factory -6/Garrison (discovered 3 exits: *Fac x3) -6/Factory -6/Lower Caves -6/Lower Caves -5/Factory -5/Garrison -5/Factory -5/Upper Caves -5/Upper Caves -4/Factory -4/Upper Caves -4/Upper Caves -4/Zhirov -3/Proximity Caves -3/Research -3/Garrison (discovered 1 exit: [*Res]) History --------- Turn | Location | Event 15 | -11/Scrapyard | Discovered new exit (range 16) 104 | -11/Scrapyard | Entered Materials 196 | -10/Materials | Identified exit to Mines 250 | -10/Materials | Entered Mines 251 | -10/Mines | Met a Derelict bent on vengeance 394 | -10/Mines | Discovered new exit (range 5) 415 | -10/Mines | Deemed a non-threat by the Exiles lab entrance 415 | -10/Mines | Discovered new exit (range 5) 422 | -10/Mines | Entered Exiles 449 | -10/Exiles | Build established: Hauler-Mutant 473 | -10/Exiles | Discovered new exit (range 14) 496 | -10/Exiles | Met 8R-AWN 524 | -10/Exiles | Met EX-HEX 570 | -10/Exiles | Met EX-BIN 593 | -10/Exiles | Aligned with FarCom system 595 | -10/Exiles | Given EX-Vault access code 633 | -10/Exiles | Opened EX-Vault 646 | -10/Exiles | Found 0b10 Alert Chip 649 | -10/Exiles | Found Trap Reconfigurator 653 | -10/Exiles | Found Gui. Plasma Cannon 690 | -10/Exiles | Warned to stay clear of 0b10 Research branches 740 | -10/Exiles | Met EX-DEC 750 | -10/Exiles | Learned location of Zion (-6) 937 | -10/Exiles | Discovered new exit (range 14) 1017 | -10/Exiles | Stole three prototypes: 0b10 Alert Chip, Trap Reconfigurator, Gui. Plasma Cannon 1017 | -10/Exiles | Entered Mines 1023 | -9/Mines | Assembled infested the area 1028 | -9/Mines | Assisted by a Guerilla fighting off Assembled 1041 | -9/Mines | Learned Materials stockpile data 1057 | -9/Mines | Received a Rocket Launcher from a helpful Derelict 1092 | -9/Mines | Build established: Mutant 1412 | -9/Mines | Assisted by bots powering up and referring to "LRC-V3" 1673 | -9/Mines | Discovered new exit (range 5) 1692 | -9/Mines | Entered Materials 1692 | -8/Materials | Accompanied by 3 allies 1692 | -8/Materials | Evolved 4 slots: Propulsion x2, Utility x2 1763 | -8/Materials | Garrison activated, responded to threat 1892 | -8/Materials | Identified exit to Garrison 1893 | -8/Materials | Entered Garrison 1893 | -8/Garrison | Accompanied by 1 ally 2031 | -8/Garrison | Triggered checkpoint 2036 | -8/Garrison | Build established: Scavenger-Mutant 2276 | -8/Garrison | Installed Relay Interface Framework 2307 | -8/Garrison | Triggered checkpoint 2351 | -8/Garrison | Discovered new exit (range 14) 2416 | -8/Garrison | Entered Materials 3060 | -8/Materials | Discovered new exit (range 11) 3179 | -8/Materials | Entered Factory 3179 | -7/Factory | Evolved 2 slots: Utility x2 3181 | -7/Factory | FarCom data flow suspended 3286 | -7/Factory | Identified exit to Garrison 3287 | -7/Factory | Entered Garrison 3367 | -7/Garrison | Triggered checkpoint 3405 | -7/Garrison | Triggered checkpoint 3486 | -7/Garrison | Lost 5 parts (1p2n1u1w) 3553 | -7/Garrison | Core integrity fell below 50% 3557 | -7/Garrison | Lost 4 parts (1p1n1u1w) 3724 | -7/Garrison | Build established: Mutant 3829 | -7/Garrison | Discovered new exit (range 13) 3876 | -7/Garrison | Found embedded Infiltrators 3913 | -7/Garrison | Triggered checkpoint 3962 | -7/Garrison | Learned Factory security intel 3977 | -7/Garrison | Garrison Relay disabled 4015 | -7/Garrison | Triggered checkpoint 4290 | -7/Garrison | Build established: Bothacker-Mutant 4306 | -7/Garrison | Discovered new exit (range 10) 4333 | -7/Garrison | Triggered checkpoint 4388 | -7/Garrison | Expanded RIF knowledge: Watcher Feeds 4399 | -7/Garrison | Core integrity fell below 20% 4486 | -7/Garrison | Entered Factory 4486 | -7/Factory | Accompanied by 1 ally 4720 | -7/Factory | Discovered new exit (range 31) 4819 | -7/Factory | Build established: Mutant 5070 | -7/Factory | Discovered new exit (range 32) 5197 | -7/Factory | Entered another Factory area 5197 | -6/Factory | Evolved 2 slots: Utility x2 5742 | -6/Factory | Identified exit to Garrison 5765 | -6/Factory | Entered Garrison 5811 | -6/Garrison | Triggered checkpoint 5846 | -6/Garrison | Garrison Relay disabled 5861 | -6/Garrison | Discovered new exit (range 70) 5861 | -6/Garrison | Discovered new exit (range 78) 5861 | -6/Garrison | Discovered new exit (range 61) 5878 | -6/Garrison | Learned Factory security intel 5926 | -6/Garrison | Spotted B-75 Beast 5929 | -6/Garrison | Triggered checkpoint 5997 | -6/Garrison | Lost 3 parts (1p2n) 6173 | -6/Garrison | Build established: Bothacker-Mutant 6211 | -6/Garrison | Triggered checkpoint 6220 | -6/Garrison | Garrison Relay disabled 6293 | -6/Garrison | Entered Factory 6620 | -6/Factory | Build established: Bothacker-Assassin 6867 | -6/Factory | Discovered new exit (range 6) 6874 | -6/Factory | Identified exit to Lower Caves 6927 | -6/Factory | Cargo convoy interrupted 6934 | -6/Factory | Entered Lower Caves 7064 | -6/Lower Caves | Identified exit to Lower Caves 7213 | -6/Lower Caves | Encountered a Warlord checkpoint 7225 | -6/Lower Caves | Build established: Bothacker-Mutant 7685 | -6/Lower Caves | Attracted the attention of an 0b10 checkpoint 7688 | -6/Lower Caves | Entered another Lower Caves area 7688 | -6/Lower Caves | Spotted MP-NER(f) 7688 | -6/Lower Caves | Spotted JP-PL7(f) 7689 | -6/Lower Caves | Trap Reconfigurator stolen by Master Thief 7689 | -6/Lower Caves | Seismic Detector stolen by Master Thief 7690 | -6/Lower Caves | Encountered a Master Thief 7690 | -6/Lower Caves | Encountered a Master Thief 7738 | -6/Lower Caves | Learned Factory garrison access intel 7763 | -6/Lower Caves | Discovered new exit (range 11) 8000 | -6/Lower Caves | Spotted B-75 Beast 8078 | -6/Lower Caves | Identified exit to Factory 8079 | -6/Lower Caves | Entered Factory 8079 | -5/Factory | Evolved 2 slots: Utility x2 8080 | -5/Factory | Loaded intel: 2 garrison access locations 8248 | -5/Factory | Lost 3 parts (1p1n1u) 8485 | -5/Factory | Identified exit to Garrison 8486 | -5/Factory | Entered Garrison 8550 | -5/Garrison | Triggered checkpoint 8602 | -5/Garrison | Build established: Bothacker-Skirmisher 8687 | -5/Garrison | Garrison Relay disabled 8937 | -5/Garrison | System corruption reached 10% 8944 | -5/Garrison | Lost 6 parts (2p2n1u1w) 8976 | -5/Garrison | Build established: Bothacker-Mutant 9061 | -5/Garrison | Spotted B-75 Beast 9064 | -5/Garrison | Triggered checkpoint 9134 | -5/Garrison | Lost 4 parts (1n1u2w) 9217 | -5/Garrison | Lost 3 parts (1p1u1w) 9368 | -5/Garrison | Discovered new exit (range 10) 9380 | -5/Garrison | Identified exit to Factory 9408 | -5/Garrison | Expanded RIF knowledge: Patrol Navigation 9439 | -5/Garrison | Entered Factory 9470 | -5/Factory | Lost 5 parts (1n1u3w) 9708 | -5/Factory | Identified exit to DSF 9741 | -5/Factory | Core integrity fell below 50% 9771 | -5/Factory | Core integrity fell below 20% 9787 | -5/Factory | Lost 11 parts (1p3n6u1w) 9806 | -5/Factory | Discovered new exit (range 29) 10034 | -5/Factory | Identified exit to Upper Caves 10034 | -5/Factory | Entered Upper Caves 10051 | -5/Upper Caves | Learned 4 Factory zone layouts 10258 | -5/Upper Caves | Discovered new exit (range 11) 10301 | -5/Upper Caves | Identified exit to Upper Caves 10302 | -5/Upper Caves | Entered another Upper Caves area 10302 | -5/Upper Caves | Discovered new exit (range 15) 10311 | -5/Upper Caves | Identified exit to Factory 10311 | -5/Upper Caves | Entered Factory 10311 | -4/Factory | Evolved 2 slots: Propulsion x2 10409 | -4/Factory | Build established: Hacker-Mutant 10596 | -4/Factory | Discovered new exit (range 21) 10616 | -4/Factory | Identified exit to Upper Caves 10617 | -4/Factory | Entered Upper Caves 10644 | -4/Upper Caves | Encountered a Warlord checkpoint 10695 | -4/Upper Caves | Learned location of Quarantine (-2) 10764 | -4/Upper Caves | Learned Factory trap positions 10764 | -4/Upper Caves | Learned Factory stockpile data 10764 | -4/Upper Caves | Learned Extension stockpile data 10764 | -4/Upper Caves | Learned Armory garrison access intel 10841 | -4/Upper Caves | Discovered new exit (range 9) 10843 | -4/Upper Caves | Identified exit to Upper Caves 10844 | -4/Upper Caves | Build established: Hacker-Sprinter 10844 | -4/Upper Caves | Entered another Upper Caves area 10940 | -4/Upper Caves | Spotted RB-V94(f) 10940 | -4/Upper Caves | Spotted FV-ANT(f) 10941 | -4/Upper Caves | Encountered a Master Thief 10941 | -4/Upper Caves | Spotted 8U-05V(f) 10941 | -4/Upper Caves | Spotted R6-DXH(f) 10942 | -4/Upper Caves | Encountered a Master Thief 10942 | -4/Upper Caves | Encountered a Master Thief 10943 | -4/Upper Caves | Encountered a Master Thief 10983 | -4/Upper Caves | Attracted the attention of an 0b10 outpost 11005 | -4/Upper Caves | Attracted the attention of an 0b10 checkpoint 11019 | -4/Upper Caves | Field Propulsion Array stolen by Master Thief 11061 | -4/Upper Caves | Lost 4 parts (2p1n1u) 11111 | -4/Upper Caves | Lost 3 allies 11112 | -4/Upper Caves | Core integrity fell below 50% 11144 | -4/Upper Caves | Lost 12 parts (1p7n3u1w) 11174 | -4/Upper Caves | Discovered new exit (range 5) 11210 | -4/Upper Caves | Acquired the password to a Derelict Tinkerer's latest research 11212 | -4/Upper Caves | Found Prototype Special Weapon 11212 | -4/Upper Caves | Identified Molecular Deconstructor 11232 | -4/Upper Caves | Learned location of Armory (-3) 11269 | -4/Upper Caves | Identified exit to Zhirov 11269 | -4/Upper Caves | Entered Zhirov 11269 | -4/Zhirov | Discovered new exit (range 3) 11272 | -4/Zhirov | Identified exit to Proximity Caves 11278 | -4/Zhirov | Met Zhirov 11291 | -4/Zhirov | Found Alien Artifact 11291 | -4/Zhirov | Identified Integrated Dissipator 11291 | -4/Zhirov | Installed Integrated Dissipator, increased core heat dissipation (+20) 11361 | -4/Zhirov | Found Alien Artifact 11368 | -4/Zhirov | Learned location of Testing (-3) 11368 | -4/Zhirov | Learned location of Command (-1) 11371 | -4/Zhirov | Zhirov requested help retrieving the SGEMP Prototype 11378 | -4/Zhirov | Entered Proximity Caves 11381 | -3/Proximity Caves | Spotter reported a threat 11381 | -3/Proximity Caves | Spotter reported a threat 11400 | -3/Proximity Caves | Attracted the attention of an 0b10 checkpoint 11459 | -3/Proximity Caves | Attracted the attention of an 0b10 outpost 11483 | -3/Proximity Caves | Spotted B-86 Titan 11517 | -3/Proximity Caves | System corruption reached 10% 11519 | -3/Proximity Caves | Core integrity fell below 20% 11520 | -3/Proximity Caves | Discovered new exit (range 15) 11524 | -3/Proximity Caves | Identified exit to Research 11524 | -3/Proximity Caves | Entered Research 11524 | -3/Research | Evolved 2 slots: Propulsion x2 11549 | -3/Research | Lost 4 parts (1p2n1u) 11820 | -3/Research | Search patrols dispatched 11873 | -3/Research | Lost 3 parts (2u1w) 11875 | -3/Research | Destroyed 7 combat bots 11912 | -3/Research | Build established: Hacker-Mutant 12002 | -3/Research | Found Prototype Device 12002 | -3/Research | Identified Adv. EM Disruption Field 12004 | -3/Research | Found Adv. EM Disruption Field 12050 | -3/Research | First assault squad dispatched 12069 | -3/Research | Identified exit to Garrison 12082 | -3/Research | Entered Garrison 12149 | -3/Garrison | Phase Generator disabled 12247 | -3/Garrison | Lost 4 parts (1p1n1u1w) 12311 | -3/Garrison | Identified Transdimensional Reconstructor 12311 | -3/Garrison | Warped through subspace 12338 | -3/Garrison | Lost 7 parts (1p2n3u1w) 12393 | -3/Garrison | Core integrity fell below 50% 12440 | -3/Garrison | Lost 7 parts (1n3u3w) 12470 | -3/Garrison | Core integrity fell below 20% 12470 | -3/Garrison | Discovered new exit (range 10) 12477 | -3/Garrison | Expanded RIF knowledge: Code Merge 12484 | -3/Garrison | Destroyed by G-67 Veteran with Field Laser Last Messages --------------- 12457_ System corrupted: Heat flow error (+235). 12457_ Kicked G-67 Veteran out of the way. 12458_ Kicked G-73 Enforcer. 12461_ Kicked G-73 Enforcer out of the way. 12462_ Kicked P-80 Master out of the way. 12462_ Penetrated by Slug. 12464_ Myomer Leg destroyed. 12466_ Penetrated by Slug. 12467_ Myomer Leg destroyed. 12469_ Dropped Linear Accelerator. 12470_ EXIT=FOUND 12470_ Slug penetrates Wall. 12475_ Triggered Alarm Trap. 12475_ An alarm sounds. Initiating installation procedure... 12477_ Expanded RIF knowledge: Code Merge. 12479_ Slammed into P-80 Master. 12481_ Slammed into G-73 Enforcer. 12481_ Destabilizing: Core damaged (-52). 12482_ Slammed into G-67 Veteran. Map ----- +----------------------------------------------------+ | ?????????????????????????????????????????????????? | | ?????????????????????????????????????????????????? | | ?????????????????????????????????????????????????? | | ?????????????????????????????????????#?#?????????? | | ?????????????????????????????????????????????????? | | ?????????????????????????????????????????????????? | | ?????????????????????????????????????????????????? | | ?????????????????????????????????????????????????? | | ?????????#???????????????????????????????????????? | | ?????????????????????????????????????????????????? | | ???????????????????????????#?????????????????????? | | ?????????????????????????????????????????????????? | | #??????#???????????????????????#?#???????????????? | | ?????????????????????????????????????????????????? | | ???????????????????????????????????????????####### | | ???????????????????????????????????????????# | | ???????????????????????????????????????????# * | | ???????????????????#####?????????#?????????# | | ???????????????????#"""#???????# ?????????# """ | | ???????????????????#" "#???????? #?????????# """ | | ???????????????????#" "#???????? #?????????# "## | | ???????????????????#" "#???????? #?????????# """ | | ???????????????????# #???????? #???????#?# | | ???#???????????????## ##?????### ##### < #?# | | ???????????????????## ######## #?# | | ???????????????????# g g@hg #?# | | ???????????????????# #########g ######?????# | | ???????????????????# ????????# #??????????# """ | | ???????????????????# ????????#] #??????????# "## | | ???#???????????????# ????????# #??????????# """ | | ??????????????? ######## ############ """ | | ??????????????? | | ??????????????? | | ???#?????????? ?# #########/############ | | ?????????????? ## ??????????# # ]]]]#???####### | | ?????#??????? ??????????# #?????????? | | ??????????????? ??????????##########?????????? | | ???????????????? ???###??????????????????????? | | ???????????? ??? ??? #??????????????????????? | | ????????????# ??# ??# #??????????????????????? | | ????????????# ## ### ########???????????????? | | ???????????? #???????????????? | | ?????????????? ###?????????????? | | ???????????????? ??????????????? | | ??????????????????# #???????????????? | | ??????????????????# ?# # #???????????????? | | ?????????????#??### ?# #???????????????? | | ???????????????# # #???????????????? | | ???????????????#### #??#????????????? | | ??????????????????# # #???????????????? | +----------------------------------------------------+ Best States ------------- Heat Dissipation 66 Energy Generation 26 Energy Capacity 500 Matter Stores 300 Matter Capacity 300 Sight Range 22 Robot Scan Range 19 Terrain Scan Range 20 Terrain Scan Density 210 Power Amplification 20 Additional Mass Support 12 Corruption Containment 8 Armor Coverage 600 Resistance: KI 30 Resistance: EX 25 Weapon Shielding 90 Phase Shifting 10 Evasion (%) 75 Melee Accuracy 6 Launcher Accuracy 20 Recoil Reduction 4 Matter Filtering 50 Defensive Hacking 36 Relay Coupler Types 4 Relay Coupler Value 101 Item Schematics ----------------- Assault Drone Bay | -4/Zhirov | Free Exp. Heat Sink | -4/Zhirov | Free Exp. Optical Array | -4/Zhirov | Free Imp. Arc Thrower | -4/Zhirov | Free Robot Schematics ------------------ None Fabricated ------------ Nothing Alien Tech Used ----------------- Integrated Dissipator Transdimensional Reconstructor Achievements -------------- Packrat Challenges ------------ None Game ------ Seed DeliveryBottomlessPrototype Manual? 0 Play Time 04:26:15 Cumulative 106.1 hours Start 2024.05.22 @ 00:17:08 End 2024.05.22 @ 11:41:24 Sessions 5 Manual Loads 0 Difficulty Rogue Special Mode None Game No. 55 Rogue 55 Adventurer 0 Explorer 0 Win Type - Total 4 Types 4/0/0/0/0/0/0/0/0 Lore% 51 Gallery% 62 Achievement% 46 Wizard Run 0 Options --------- Layout 0 ASCII 1 Keyboard 0 Movement Mouse Keybinds 0 Fullscreen 1 Font 20/X11 Map View 66x50 Zoom Use 0% Tactical HUD 1 Map Filters NONE Filters NONE Steam 1 RUN: 12ad84a2-d362-491f-8769-7249738de2fd